Unix NetHack Version 5.0.0-0 post-release - last build May  4 2026 22:22:43 (774f63e81ad911689b3a0859ea89b322d5daca8d,branch:main).

Game began 2026-05-05 05:15:41, ended 2026-05-05 06:39:02.

23881750910, lawful female human Valkyrie

                                 -------------
                                 .C.........C|
                                 |.....C.....|
                                 |...-----...|
                                 |...|.  |...|
                                 |..C|{@ |C..|
                                 |...| { |...|
                                 |...---.-...|
                                 |.....C.@.).|
                                 |C......d@.C|
                                 -------------

23881750910 the Skirmisher  St:9 Dx:17 Co:18 In:9 Wi:10 Ch:8  Lawful
Dlvl:9  $:125 HP:0(53) Pw:13(13) AC:6  Xp:5 T:3831 

Latest messages:
 You attack thin air.
 Something is engraved here on the headstone.
 You read: "Am I having fun yet?"
 You miss ubiquity's ghost.
 You hit ubiquity's ghost.
 You hit ubiquity's ghost!
 You hit ubiquity's ghost!
 You miss ubiquity's ghost.
 Ubiquity's ghost touches you!
 You miss ubiquity's ghost.
 You hit ubiquity's ghost!
 You destroy ubiquity's ghost!
 You try to move the boulder, but in vain.
 You try to move the boulder, but in vain.
 You kill the yellow mold!
 You step onto a level teleport trap!
 You feel disoriented.
 You materialize on a different level!
 You hear a chugging sound.
 You hear a wolf howling at the moon.
 You feel less confused now.
 The Woodland-elf throws an elven spear!
 You are hit by an elven spear.
 The Woodland-elf wields an elven dagger!
 The Woodland-elf thrusts his elven dagger.
 The Woodland-elf hits!
 The elven dagger hits the Woodland-elf.
 You hit the werewolf.
 The Woodland-elf thrusts his elven dagger.
 The Woodland-elf hits!
 The werewolf bites!
 You hit the werewolf.
 The Woodland-elf thrusts his elven dagger.
 The Woodland-elf hits!
 The werewolf bites!
 You feel feverish.
 You hit the werewolf!
 The Woodland-elf thrusts his elven dagger.
 The Woodland-elf hits!
 The werewolf bites!
 You miss the werewolf.
 The Woodland-elf thrusts his elven dagger.
 The Woodland-elf hits!
 The werewolf bites!
 You die...
 Do you want your possessions identified? [ynq] (y) n
 Do you want to see your attributes? [ynq] (y) n
 Do you want an account of creatures vanquished? [ynaq] (y) n
 Do you want to see your conduct and achievements? [ynq] (y) n
 Do you want to see the dungeon overview? [ynq] (y) n

Inventory:
 Coins    ('$')
  $ - 125 gold pieces
 Weapons  (')')
  q - 14 blessed +1 crossbow bolts
  r - a +0 crossbow
  e - 13 +2 darts
  p - 9 +0 darts
  b - a +0 dagger (alternate weapon; not wielded)
  j - 2 +0 elven daggers
  f - a +0 orcish dagger
  a - a corroded +1 spear (weapon in right hand)
 Armor    ('[')
  g - an uncursed +0 orcish helm
  c - an uncursed +3 small shield (being worn)
 Comestibles  ('%')
  d - an uncursed food ration
 Rings    ('=')
  h - an uncursed ring of protection from shape changers
 Wands    ('/')
  n - a wand of speed monster (0:5)
 Tools    ('(')
  m - an uncursed tin whistle

23881750910 the Valkyrie's attributes:

Background:
 You were a Skirmisher, a level 5 human Valkyrie.
 You were lawful, nominally on a mission for Tyr
 who was opposed by Odin (neutral) and Loki (chaotic).
 You were right-handed.
 You were in the Dungeons of Doom, on level 9.
 You entered the dungeon 3831 turns ago.
 You had 303 experience points, 17 more were needed to attain level 6.

Basics:
 You had 0 out of 53 hit points.
 You had all 13 energy points (spell power).
 Your armor class was 6.
 Your wallet contained 125 zorkmids.
 Autopickup was off.

Final Characteristics:
 Your strength was 9 (peak:13, limit:18/100).
 Your dexterity was 17 (limit:18).
 Your constitution was 18 (limit:18).
 Your intelligence was 9 (limit:18).
 Your wisdom was 10 (limit:18).
 Your charisma was 8 (limit:18).

Final Status:
 You weren't hungry.
 You were unencumbered.
 You were wielding a spear.
 You were skilled in spear.

Final Attributes:
 You were piously aligned.
 You were cold resistant.
 You were level-drain resistant.
 You were stealthy.
 You were a werewolf.
 You were harmed by silver.
 You are dead.

Miscellaneous:
 You encountered 2 bones levels.
 Total elapsed playing time was 1 hour, 23 minutes and 16 seconds.

Major events:
 Turn
    1: 23881750910 the lawful human Valkyrie entered the dungeon
 1317: attained the rank of Skirmisher (level 3)
 3831: killed by a werewolf

You didn't know any spells.

Skills:
 Fighting Skills
   bare handed combat [Unskilled]
   two weapon combat  [Unskilled]
   riding             [Unskilled]
 Weapon Skills
   dagger             [Basic]
   axe                [Unskilled]
   pick-axe           [Unskilled]
   short sword        [Unskilled]
   broadsword         [Unskilled]
   long sword         [Unskilled]
   two-handed sword   [Unskilled]
   saber              [Unskilled]
   hammer             [Unskilled]
   quarterstaff       [Unskilled]
   polearms           [Unskilled]
   spear              [Skilled]
   trident            [Unskilled]
   lance              [Unskilled]
   sling              [Unskilled]
 Spellcasting Skills
   attack spells      [Unskilled]
   escape spells      [Unskilled]

Voluntary challenges:
 Character rerolling was not enabled.
 You were an atheist.
 You were illiterate.
 You never genocided any monsters.
 You never polymorphed an object.
 You never changed form.
 You used no wishes.
Achievement:
 You attained the rank of Skirmisher.

 The Dungeons of Doom: levels 1 to 9
    Level 1:
       A sink.
    Level 2:
       A grave.
    Level 3:
       A fountain.
    Level 4:
       A fountain.
    Level 5:
       A fountain.
    Level 6:
       Many fountains, a sink, many graves.
       Final resting place for
          ubiquity-Pri-Elf-Mal-Cha, killed by a rothe.
    Level 9: <- You were here.
       Some fountains.
       Final resting place for
          you, killed by a werewolf,
          mpg123-Sam-Hum-Fem-Law, killed by a Woodland-elf,
          kmoxley-Wiz-Hum-Mal-Neu, killed by a quasit.


Vanquished creatures:
  a ghost
  a rock mole
  2 ponies
  a yellow light
  3 shriekers
  a violet fungus
  a giant ant
  a little dog
  a floating eye
  a kitten
  a homunculus
  a rothe
  a rabid rat
  2 giant bats
  5 orc zombies
 10 dwarf zombies
  2 iguanas
  2 acid blobs
  a coyote
  2 hobbits
  a large kobold
  a hobgoblin
  a giant rat
  2 cave spiders
  2 yellow molds
  a green mold
  a gnome
  6 gnome zombies
  3 geckos
  2 jackals
  2 kobolds
  2 goblins
  2 sewer rats
  5 grid bugs
  2 lichens
 11 kobold zombies
  2 newts
86 creatures vanquished.

No species were genocided or became extinct.

Game over:
                       ----------
                      /          \
                     /    REST    \
                    /      IN      \
                   /     PEACE      \
                  /                  \
                  |   23881750910    |
                  |      125 Au      |
                  |   killed by a    |
                  |     werewolf     |
                  |                  |
                  |                  |
                  |       2026       |
                 *|     *  *  *      | *
        _________)/\\_//(\/(/\)/\//\/|_)_______

Farvel 23881750910 the Valkyrie...

You died in The Dungeons of Doom on dungeon level 9 with 1725 points,
and 125 pieces of gold, after 3831 moves.
You were level 5 with a maximum of 53 hit points when you died.

